 Dungeon Crawl Stone Soup version 0.25-a0-292-gaa31f046c4 (webtiles) character file.

Game seed: 1453085531157906771, levelgen mode: deterministic

481059 MisterFreud the Peltast (level 24, -16/250 HPs)
             Began as a Gnoll Fighter on Dec 14, 2019.
             Was the Champion of Ashenzari.
             Demolished by a white very ugly thing (51 damage)
             ... on level 5 of the Depths on Dec 15, 2019.
             The game lasted 03:16:38 (56394 turns).

MisterFreud the Peltast (Gnoll Fighter)            Turns: 56394, Time: 03:16:39

Health: -16/250    AC: 34    Str: 29    XL:     24   Next: 86%
Magic:  42/42      EV: 25    Int: 32    God:    Ashenzari [******]
Gold:   2855       SH: 18    Dex: 13    Spells: 13/54 levels left

rFire    + . .     SeeInvis +   n - +9 eveningstar (freeze) (curse)
rCold    . . .     Gourm    .   c - +1 shield (curse)
rNeg     + . .     Faith    +   (armour currently unavailable)
rPois    ∞         Spirit   .   q - +0 helmet (curse)
rElec    +         Reflect  .   E - +0 cloak "Ymegyji" {rCorr Str+10 Dex-3 Stlth-} (curse)
rCorr    +         Harm     .   (gloves currently unavailable)
MR       ++...     Clarity  +   (boots currently unavailable)
Stlth    +++++++...             j - amulet of Gerphy {Faith rF+ Int+6} (curse)
HPRegen  0.51/turn              U - ring of Wiagiyji {rPois Int+5 Slay+6} (curse)
MPRegen  0.28/turn              z - ring of Uzoalar {MR+ SInv Stlth+} (curse)

@: statue-form, studying Shields, deflect missiles, very slow
A: distributed training, fangs 1, strong nose
}: 2/15 runes: serpentine, barnacled
a: End Transformation, Curse Item, Scrying, Renounce Religion


You were on level 5 of the Depths.
You worshipped Ashenzari.
Ashenzari was exalted by your worship.
You were not hungry.
You were a stone statue.
You visited 9 branches of the dungeon, and saw 44 of its levels.
You visited the Abyss 2 times.
You also visited: Trove, Sewer, Ossuary and Ice Cave.

You collected 10154 gold pieces.
You spent 7299 gold pieces at shops.

Inventory:

Hand Weapons
 l - a +0 demon trident of electrocution
 n - a cursed +9 eveningstar of freezing (weapon)
Missiles
 o - 12 throwing nets (quivered)
Armour
 c - a cursed +1 shield (worn)
 i - a cursed +1 pair of boots (melded)
 q - a cursed +0 helmet (worn)
 v - a cursed +0 pair of gloves (melded)
 w - a cursed +2 robe of magic resistance (melded)
 E - the cursed +0 cloak "Ymegyji" (worn) {rCorr Str+10 Dex-3 Stlth-}
   (You found it on level 4 of the Depths)

   It affects your strength (+10).
   It affects your dexterity (-3).
   It provides partial protection from all sources of acid and corrosion.
   It makes you less stealthy.
   It has a curse placed upon it.
Jewellery
 j - the cursed amulet of Gerphy (around neck) {Faith rF+ Int+6}
   (You found it on level 2 of the Lair of Beasts)

   [amulet of faith]

   It allows you to gain divine favour quickly.
   It affects your intelligence (+6).
   It protects you from fire.
   It has a curse placed upon it.
 k - an uncursed ring of resist corrosion
 z - the cursed ring of Uzoalar (right hand) {MR+ SInv Stlth+}
   (You bought it in a shop on level 1 of the Snake Pit)

   [ring of stealth]

   It affects your resistance to hostile enchantments.
   It lets you see invisible.
   It makes you more stealthy.
   It has a curse placed upon it.
 U - the cursed ring of Wiagiyji (left hand) {rPois Int+5 Slay+6}
   (You took it off a deep elf high priest on level 3 of the Depths)

   [ring of intelligence]

   It affects your intelligence (+5).
   It affects your accuracy and damage with ranged weapons and melee attacks
   (+6).
   It protects you from poison.
   It has a curse placed upon it.
 X - the ring of Poalidas {Wiz rF+ Str+3 Int+2 Dex+3}
   (You took it off a deep elf annihilator on level 3 of the Elven Halls)

   [ring of wizardry]

   It improves your spell success rate.
   It affects your strength (+3).
   It affects your intelligence (+2).
   It affects your dexterity (+3).
   It protects you from fire.
Wands
 e - a wand of scattershot (6)
 u - a wand of digging (5)
 O - a wand of acid (21)
 V - a wand of clouds (5)
 W - a wand of iceblast (25)
Scrolls
 a - 7 scrolls of fog
 g - 7 scrolls of magic mapping
 m - 25 scrolls of teleportation
 r - 4 scrolls of fear
 H - 18 scrolls of remove curse
 M - 9 scrolls of enchant armour
 Y - a scroll of enchant weapon
 Z - 9 scrolls of amnesia
Potions
 b - 9 potions of agility
 d - 7 potions of brilliance
 h - 13 potions of curing
 x - 9 potions of flight
 A - 11 potions of heal wounds
 C - 7 potions of cancellation
 D - 3 potions of ambrosia
 F - 7 potions of resistance
 G - 5 potions of magic
 J - 7 potions of mutation
 P - 4 potions of might
 R - 2 potions of invisibility
 S - a potion of berserk rage
 T - 5 potions of haste
Books
 t - a manual of Shields
Miscellaneous
 s - 2 sacks of spiders
 y - a crystal ball of energy
 B - 3 phantom mirrors
 I - a lightning rod (4/4)
 K - a box of beasts
 L - a lamp of fire
 N - a phial of floods
 Q - a fan of gales
Comestibles
 f - 61 rations
 p - 18 chunks of flesh


   Skills:
 + Level 16.7 Fighting
 + Level 16.2 Short Blades
 + Level 15.7 Long Blades
 + Level 15.7 Axes
 + Level 15.7(19.6) Maces & Flails
 + Level 15.7 Polearms
 + Level 15.7 Staves
 + Level 15.7 Slings
 + Level 15.7 Bows
 + Level 15.7 Crossbows
 + Level 15.7 Throwing
 + Level 16.7 Armour
 + Level 15.7(19.6) Dodging
 + Level 15.7(19.6) Stealth
 + Level 19.6(21.9) Shields
 + Level 15.7 Unarmed Combat
 + Level 15.7 Spellcasting
 + Level 13.5(17.6) Conjurations
 + Level 13.5(17.6) Hexes
 + Level 13.5(17.6) Charms
 + Level 13.5(17.6) Summonings
 + Level 13.5(17.6) Necromancy
 + Level 13.5(17.6) Translocations
 + Level 13.5(17.6) Transmutations
 + Level 13.5(17.6) Fire Magic
 + Level 13.5(17.6) Ice Magic
 + Level 13.5(17.6) Air Magic
 + Level 13.5(17.6) Earth Magic
 + Level 13.5(17.6) Poison Magic
 + Level 16.9 Invocations
 + Level 15.7(19.6) Evocations


You had 13 spell levels left.
You knew the following spells:

 Your Spells              Type           Power        Failure   Level  Hunger
a - Blink                 Tloc           N/A          0%          2    None
c - Statue Form           Tmut/Erth      #######..    1%          6    ##.....
d - Deflect Missiles      Chrm/Air       #######...   1%          6    ##.....
e - Summon Lightning Spi  Summ/Air       #######.     0%          4    None
f - Regeneration          Chrm/Necr      #######...   0%          3    None
g - Iron Shot             Conj/Erth      #######...   1%          6    ##.....
h - Dragon Form           Tmut           #######...   1%          7    ####...
i - Spellforged Servitor  Conj/Summ      #######...   1%          7    ####...

Your spell library contained the following spells:

 Spells                   Type           Power        Failure   Level  Hunger
 Beastly Appendage        Tmut           ######       0%          1    None
 Confusing Touch          Hex            ######       0%          1    None
 Corona                   Hex            #######      0%          1    None
 Foxfire                  Conj/Fire      ####         0%          1    None
 Freeze                   Ice            ####         0%          1    None
 Infusion                 Chrm           ####         0%          1    None
 Magic Dart               Conj           ####         0%          1    None
 Shock                    Conj/Air       ####         0%          1    None
 Sting                    Tmut/Pois      ####         0%          1    None
 Summon Small Mammal      Summ           ####         0%          1    None
 Call Imp                 Summ           #######.     0%          2    None
 Corpse Rot               Necr/Air       N/A          0%          2    None
 Ensorcelled Hibernation  Hex/Ice        ######       0%          2    None
 Passwall                 Tmut/Erth      #######.     0%          2    None
 Poisonous Vapours        Pois/Air       ######       0%          2    None
 Searing Ray              Conj           ######       0%          2    None
 Shroud of Golubria       Chrm/Tloc      ######       0%          2    None
 Slow                     Hex            #######.     0%          2    None
 Song of Slaying          Chrm           #######.     0%          2    None
 Sublimation of Blood     Necr           #######...   0%          2    None
 Call Canine Familiar     Summ           #######.     0%          3    None
 Confuse                  Hex            #######.     0%          3    None
 Conjure Flame            Conj/Fire      #######.     0%          3    None
 Dazzling Flash           Conj/Hex       ######       0%          3    None
 Gell's Gravitas          Tloc           #######...   0%          3    None
 Ignite Poison            Fire/Tmut/Pois #######.     0%          3    None
 Inner Flame              Hex/Fire       #######.     0%          3    None
 Mephitic Cloud           Conj/Pois/Air  #######.     0%          3    None
 Ozocubu's Armour         Chrm/Ice       #######.     0%          3    None
 Spectral Weapon          Hex/Chrm       #######.     0%          3    None
 Tukima's Dance           Hex            #######.     0%          3    None
 Fulminant Prism          Conj/Hex       #######...   0%          4    None
 Hailstorm                Conj/Ice       #######.     0%          4    None
 Iskenderun's Mystic Bla  Conj/Tloc      #######.     0%          4    None
 Olgreb's Toxic Radiance  Pois           #######.     0%          4    None
 Petrify                  Tmut/Erth      #######.     0%          4    None
 Sticky Flame             Conj/Fire      #######.     0%          4    None
 Summon Ice Beast         Ice/Summ       #######.     0%          4    None
 Agony                    Necr           #######.     1%          5    None
 Alistair's Intoxication  Tmut/Pois      #######.     1%          5    None
 Aura of Abjuration       Summ           #######...   1%          5    None
 Blade Hands              Tmut           #######...   1%          5    None
 Bolt of Magma            Conj/Fire/Erth #######...   1%          5    None
 Dispel Undead            Necr           #######.     1%          5    None
 Excruciating Wounds      Chrm/Necr      #######...   1%          5    None
 Fireball                 Conj/Fire      #######...   1%          5    None
 Irradiate                Conj/Tmut      #######...   1%          5    None
 Metabolic Englaciation   Hex/Ice        #######...   1%          5    None
 Silence                  Hex/Air        #######...   1%          5    None
 Yara's Violent Unravell  Hex/Tmut       #######...   1%          5    None
 Conjure Ball Lightning   Conj/Air       #######...   1%          6    ##.....
 Darkness                 Hex            #######...   1%          6    ##.....
 Dispersal                Tloc           #######...   1%          6    ##.....
 Eringya's Noxious Bog    Tmut/Pois      #######...   1%          6    ##.....
 Freezing Cloud           Conj/Ice/Air   #######...   1%          6    ##.....
 Hydra Form               Tmut           #######...   1%          6    ##.....
 Ozocubu's Refrigeration  Ice            #######...   1%          6    ##.....
 Shadow Creatures         Summ           N/A          1%          6    ##.....
 Simulacrum               Ice/Necr       #######...   1%          6    ##.....
 Starburst                Conj/Fire      #######...   1%          6    ##.....
 Malign Gateway           Summ/Tloc      #######...   1%          7    ####...
 Monstrous Menagerie      Summ           #######...   1%          7    ####...
 Ring of Flames           Chrm/Fire      #######...   1%          7    ####...
 Summon Greater Demon     Summ           #######...   1%          7    ####...
 Ignition                 Fire           #######...   9%          8    ######.
 Summon Horrible Things   Summ           #######...   9%          8    ######.
 Tornado                  Air            #######...   77%         9    #######


Dungeon Overview and Level Annotations

Branches:
Dungeon (15/15)            Temple (1/1) D:4            Lair (6/6) D:8
 Shoals (4/4) Lair:4        Snake (4/4) Lair:3        Slime (0/5) Lair:6
    Orc (2/2) D:11            Elf (3/3) Orc:2        Vaults (4/5) D:13
  Crypt (0/3) Vaults:2     Depths (5/5) D:15          Sewer (visited)
Ossuary (visited)           IceCv (visited)
    Zot: Depths:5

Altars:
Ashenzari
Dithmenos
Elyvilon
Fedhas
Gozag
Hepliaklqana
Kikubaaqudgha
Makhleb
Nemelex Xobeh
Okawaru
Qazlal
Sif Muna
Trog
Uskayaw
Vehumet
Wu Jian
Xom
Yredelemnul
Zin
The Shining One
Beogh
Lugonu

Shops:
D:10 ?   D:11 :(   Orc:2 :%(*[   Elf:1 *   Elf:3 *   Shoals:3 *   Snake:1 *=?
Snake:2 ?!!:   Snake:3 }!(([   Vaults:3 (   Depths:1 ==}(

Portals:
Hell: Depths:1 Depths:2 Depths:3 Depths:4 Depths:5
Abyss: Depths:1 Depths:3 Depths:4
Pandemonium: Depths:1 Depths:2 Depths:3
Ziggurat: Depths:1

Annotations:
D:8 exclusion: 2 oklob plants
D:12 1 runed translucent door, Haosty Heugg's ghost, journeyman NaFi
Elf:1 Roxanne
Depths:5 1 runed translucent door, Ywomigaa's ghost, master FoFi


Innate Abilities, Weirdness & Mutations

Your experience applies equally to all skills.
You have very sharp teeth.
Your uncanny sense of smell can sniff out nearby items.


Message History

You kill the purple very ugly thing!
You block the white very ugly thing's attack.
The white very ugly thing closely misses you.
Unknown command.
You impale the white very ugly thing!!
The white very ugly thing is moderately wounded.
The white very ugly thing punches you but does no damage.
The white very ugly thing engulfs you.
The white very ugly thing freezes you!!!
* * * LOW HITPOINT WARNING * * *
Unknown command.
You pound the white very ugly thing like an anvil!!!
You freeze the white very ugly thing. You bite the white very ugly thing!
You kill the white very ugly thing!
The deep troll completely misses you.
The deep troll claws you but does no damage.
You block the deep troll's attack. The white very ugly thing engulfs you!
* * * LOW HITPOINT WARNING * * *
The white very ugly thing freezes you!!!
You die...

** ** ** , ,, , ,
........... , ,,,, , ,.∆
....(...... , *, ,
*.########.*########..###
, , ,.........##...# #..#
, *,*, #.#.#.......#* #..#
, , , ,#.#.......#* #..# *
* ,
.#.#.......########..###
,,,,
,,^.....u.................
,*,,,,
#....)8................ ,
,,
......T.########..######
*,,,, .#......., #..# ,, ,
,,,.......... #..# ,*,*
.###############..###### *
, ,, , ,,
,,,,............<. , ,,, ,
,, ,,.............. ,, , *
** ** * ######..######
,*,* * **
*########..######


You could see a white very ugly thing and a deep troll.

Vanquished Creatures
  2 juggernauts
  Sojobo (Vaults:4)
  Vashnia (Snake:2)
  A caustic shrike (shapeshifter) (Depths:2)
  5 liches
  Jorgrun (Elf:1)
  4 tentacled monstrosities (Depths:4)
  A deep elf blademaster (Elf:3)
  A titan (Depths:4)
  2 deep elf master archers (Elf:3)
  6 sphinxes
  Kirke (D:12)
  2 krakens (Shoals:4)
  6 tengu reavers
  Ilsuiw (Shoals:3)
  9 nagarajas
  9 fire giants
  2 iron dragons (Depths:4)
  11 frost giants
  3 deep elf elementalists (Elf:3)
  6 deep elf sorcerers
  16 vault wardens
  Louise (D:15)
  18 very ugly things
  12 ironheart preservers
  11 stone giants
  A juggernaut skeleton (Depths:4)
  5 deep elf demonologists
  An entropy weaver (Vaults:3)
  8 deep elf annihilators
  4 vampire knights
  Azrael (Elf:1)
  A large abomination (Depths:3)
  Nessos (D:13)
  7 spark wasps
  7 deep elf death magi
  4 ettins
  4 merfolk javelineers
  A blizzard demon (Depths:3)
  6 jiangshi (Depths:1)
  12 merfolk impalers
  6 yaktaur captains
  5 fire dragons
  Erolcha (D:10)
  Fannar (D:10)
  4 deep elf high priests
  6 great orbs of eyes
  12 ice dragons
  2 merfolk avatars
  Harold (D:10)
  6 spriggan air magi
  5 rakshasas
  21 vault guards
  8 hydras
  A catoblepas (D:12)
  12 naga warriors
  8 deep troll shamans
  16 two-headed ogres
  17 centaur warriors
  2 merfolk aquamancers
  18 dancing weapons
  8 anacondas
  4 satyrs
  A death knight (D:13)
  9 ogre magi
  10 tengu warriors
  2 orc high priests (Orc:1)
  7 deep troll earth magi
  Urug (D:13)
  A sun demon (Depths:3)
  16 naga sharpshooters
  6 death yaks
  3 vampire magi
  6 spriggan berserkers
  3 hell knights (Depths:2)
  19 deep elf knights
  Nergalle (Lair:1)
  6 shock serpents
  Sonja (D:13)
  3 salamander mystics
  A titan skeleton (Vaults:4)
  A wizard (Depths:2)
  2 iron trolls
  A sea snake (shapeshifter) (Elf:1)
  3 glowing orange brains
  3 flayed ghosts
  2 unseen horrors
  A skeletal warrior (D:12)
  15 deep trolls
  16 sea snakes
  A shadow demon (Depths:2)
  A harpy (shapeshifter) (Vaults:3)
  8 naga ritualists
  14 deep elf archers
  10 ironbrand convokers
  79 deep elf magi
  A shadow dragon zombie (Vaults:4)
  9 orc knights
  9 harpies
  3 necromancers
  A wolf spider zombie (D:15)
  13 orc sorcerers
  A stone giant zombie (Vaults:3)
  15 fauns
  8 cyclopes
  4 mana vipers
  42 ugly things
  14 salamanders
  6 wolf spiders
  10 manticores
  An elephant (shapeshifter) (Vaults:2)
  2 human skeletons
  31 black mambas
  2 ice statues (IceCv)
  9 merfolk sirens
  4 guardian serpents
  2 rust devils (Depths:3)
  A molten gargoyle (Depths:3)
  3 elephants (Lair:6)
  An orange demon (Depths:3)
  A smoke demon (Depths:2)
  9 vault sentinels
  4 water nymphs
  A gargoyle (D:15)
  20 naga magi
  7 spiny frogs
  3 komodo dragons
  A yaktaur (shapeshifter) (Depths:1)
  A kobold demonologist (D:13)
  6 freezing wraiths
  6 rime drakes
  55 yaktaurs
  A yaktaur skeleton (Vaults:3)
  A spark wasp simulacrum (Depths:4)
  A red devil (Depths:2)
  6 tengu conjurers
  2 ice devils (Lair:4)
  15 trolls
  16 merfolk
  3 meliai (Lair:5)
  A shadow dragon simulacrum (Depths:4)
  7 wind drakes
  A polar bear (shapeshifter) (Vaults:2)
  6 polar bears (Lair:6)
  A queen bee (Lair:5)
  10 hornets
  9 dream sheep
  Grinder (D:5)
  A raiju (shapeshifter) (Depths:3)
  9 blink frogs
  9 snapping turtles
  12 slime creatures
  20 hippogriffs
  An ettin zombie (Vaults:4)
  A stone giant simulacrum (Vaults:3)
  A centaur simulacrum (D:13)
  A redback (shapeshifter) (Depths:4)
  4 air elementals
  2 shadows
  5 spriggans (Depths:4)
  20 water elementals
  5 wyverns
  A yak (shapeshifter) (Vaults:3)
  An elf zombie (Depths:4)
  4 fire elementals
  3 basilisks
  2 fire bats (Elf:3)
  3 basilisks (shapeshifter)
  A golden eye (shapeshifter) (Vaults:3)
  3 hogs (D:13)
  55 yaks
  2 wraiths
  A chaos spawn (Depths:3)
  2 hungry ghosts
  8 vampire mosquitoes
  Grum (Lair:1)
  15 wargs
  Edmund (D:5)
  47 nagas
  2 hell hounds (Elf:1)
  2 floating eyes (Depths:2)
  A floating eye (shapeshifter) (Depths:2)
  A swamp drake (shapeshifter) (Vaults:3)
  8 porcupines
  9 water moccasins
  A black bear (Lair:2)
  26 orc warriors
  2 sky beasts
  15 ice beasts
  2 phantoms
  A necrophage (D:8)
  34 centaurs
  An eye of draining (shapeshifter) (Depths:4)
  An eye of draining (D:11)
  24 ogres
  18 boggarts
  9 wolves
  9 crocodiles
  9 big kobolds
  13 bullfrogs
  An earth elemental (Elf:1)
  A wyvern zombie (D:6)
  5 scorpions
  38 killer bees
  4 wights (D:6)
  A howler monkey (D:10)
  4 electric eels (Snake:1)
  8 centaur zombies
  13 crimson imps
  2 quasits
  2 bullfrog skeletons
  An iron imp (Depths:4)
  14 orc priests
  2 human zombies (Ossuary)
  4 hounds
  3 jellies
  33 orc wizards
  3 centaur skeletons
  5 iguanas
  7 worker ants
  A big kobold zombie (Ossuary)
  2 hound zombies (Ossuary)
  A hound skeleton (D:5)
  3 mummies (Ossuary)
  A worker ant zombie (D:10)
  A howler monkey zombie (D:5)
  7 gnolls
  19 adders
  3 shadow imps
  2 white imps (Depths:3)
  An ufetubus (Depths:3)
  3 oozes
  6 adder zombies
  2 adder skeletons
  2 worms
  3 dart slugs
  6 leopard geckos
  100 orcs
  6 ball pythons
  8 bats
  3 giant cockroaches
  3 goblins
  6 hobgoblins
  15 jackals
  25 kobolds
  4 quokkas
  A ball python skeleton (D:4)
  3 frilled lizards
  3 gnoll zombies (Ossuary)
  3 goblin zombies (Ossuary)
  2 hobgoblin zombies (Ossuary)
  3 jackal zombies (Ossuary)
  3 kobold zombies (Ossuary)
  A quokka skeleton (D:8)
  5 quokka zombies (Ossuary)
  7 rats
  3 rat zombies (Ossuary)
  2 crawling corpses (Depths:3)
  7 tentacles (Shoals:4)
1856 creatures vanquished.

Vanquished Creatures (collateral kills)
  A golden dragon (Depths:4)
  2 tentacled monstrosities (Depths:4)
  A deep elf blademaster (Elf:3)
  A lich (Depths:4)
  5 deep elf sorcerers
  A frost giant (Vaults:3)
  A stone giant (Vaults:4)
  5 deep elf annihilators (Elf:3)
  A deep elf demonologist (Elf:3)
  A spark wasp (Depths:4)
  2 deep elf death magi (Elf:3)
  An ettin (Vaults:4)
  3 deep elf high priests
  A vault guard (Vaults:2)
  A centaur warrior (Vaults:3)
  A two-headed ogre (Vaults:2)
  An ogre mage (Vaults:2)
  A deep troll earth mage (Vaults:3)
  3 deep elf knights (Elf:2)
  5 naga sharpshooters (Snake:2)
  2 hell knights (Depths:2)
  2 deep trolls
  A deep elf archer (Elf:2)
  An infernal demonspawn (Depths:2)
  3 fauns
  2 mana vipers (Snake:2)
  2 deep elf magi
  2 cyclopes
  A black mamba (Snake:2)
  3 merfolk sirens (Shoals:3)
  A freezing wraith (Vaults:3)
  A yaktaur (Vaults:2)
  A merfolk (Shoals:3)
  A troll (Vaults:2)
  2 snapping turtles (Shoals:3)
  A dream sheep (shapeshifter) (Depths:4)
  An air elemental (Elf:3)
  A ynoxinul (Depths:2)
  A naga (Snake:2)
  An orc warrior (Vaults:2)
  2 ogres
  2 boggarts (Vaults:2)
  4 centaurs (Vaults:3)
  An orc priest (Vaults:2)
  4 orcs (Vaults:2)
  A plant (Shoals:4)
82 creatures vanquished.

Vanquished Creatures (others)
  A fire dragon (Depths:3)
  4 deep elf magi
  A spiny frog (Lair:6)
  A human (D:13)
  A naga (Snake:3)
  An orc warrior (Vaults:3)
  An ogre (D:13)
  A boggart (Vaults:3)
  4 orc wizards
  An orc (Orc:2)
  3 bushes (D:8)
  24 fungi
  51 plants
  10 tentacles (Shoals:4)
104 creatures vanquished.

Grand Total: 2042 creatures vanquished

Notes
Turn   | Place    | Note
-------+----------+-------------------------------------------
     0 | D:1      | MisterFreud the Gnoll Fighter began the quest for the Orb.
     0 | D:1      | Reached XP level 1. HP: 23/23 MP: 1/1
    45 | D:1      | Reached XP level 2. HP: 24/29 MP: 2/2
   133 | D:1      | Reached XP level 3. HP: 35/35 MP: 3/3
   973 | D:2      | Reached skill level 1 in Invocations
  1183 | D:2      | Reached skill level 1 in Long Blades
  1183 | D:2      | Reached skill level 1 in Axes
  1183 | D:2      | Reached skill level 1 in Maces & Flails
  1183 | D:2      | Reached skill level 1 in Polearms
  1183 | D:2      | Reached skill level 1 in Staves
  1183 | D:2      | Reached skill level 1 in Slings
  1183 | D:2      | Reached skill level 1 in Bows
  1183 | D:2      | Reached skill level 1 in Crossbows
  1183 | D:2      | Reached skill level 1 in Throwing
  1183 | D:2      | Reached skill level 1 in Dodging
  1183 | D:2      | Reached skill level 1 in Stealth
  1183 | D:2      | Reached skill level 1 in Unarmed Combat
  1183 | D:2      | Reached skill level 1 in Spellcasting
  1183 | D:2      | Reached skill level 1 in Evocations
  1183 | D:2      | Reached XP level 4. HP: 38/41 MP: 5/5
  1633 | D:2      | Found a basalt altar of Yredelemnul.
  1653 | D:2      | Reached skill level 1 in Conjurations
  1653 | D:2      | Reached skill level 1 in Hexes
  1653 | D:2      | Reached skill level 1 in Charms
  1653 | D:2      | Reached skill level 1 in Summonings
  1653 | D:2      | Reached skill level 1 in Necromancy
  1653 | D:2      | Reached skill level 1 in Translocations
  1653 | D:2      | Reached skill level 1 in Transmutations
  1653 | D:2      | Reached skill level 1 in Fire Magic
  1653 | D:2      | Reached skill level 1 in Ice Magic
  1653 | D:2      | Reached skill level 1 in Air Magic
  1653 | D:2      | Reached skill level 1 in Earth Magic
  1653 | D:2      | Reached skill level 1 in Poison Magic
  1918 | D:3      | Found a glowing drain.
  1944 | D:3      | Reached XP level 5. HP: 42/47 MP: 6/6
  2009 | Sewer    | Entered a sewer
  2075 | Sewer    | Noticed a big kobold
  2075 | Sewer    | Noticed a big kobold
  2075 | Sewer    | Noticed a big kobold
  2080 | Sewer    | Killed a big kobold
  2084 | Sewer    | Killed a big kobold
  2084 | Sewer    | Reached XP level 6. HP: 51/53 MP: 8/8
  2087 | Sewer    | Reached skill level 5 in Short Blades
  2156 | Sewer    | Reached XP level 7. HP: 57/59 MP: 10/10
  2216 | Sewer    | Reached skill level 7 in Shields
  2398 | D:2      | Found a radiant altar of Vehumet.
  2642 | D:3      | Noticed an air elemental
  2644 | D:3      | Found a stormy altar of Qazlal.
  2646 | D:3      | Noticed a water elemental
  2646 | D:3      | Noticed a fire elemental
  2885 | D:4      | Reached XP level 8. HP: 44/67 MP: 12/12
  2928 | D:4      | Found a sand-covered staircase.
  2936 | Ossuary  | Entered an ossuary
  3469 | D:4      | Found a glowing silver altar of Zin.
  3512 | D:4      | Found a shimmering blue altar of Sif Muna.
  3618 | D:4      | Found a staircase to the Ecumenical Temple.
  3636 | Temple   | Entered the Ecumenical Temple
  3774 | Temple   | Became a worshipper of Ashenzari the Shackled
  3917 | D:4      | Found a sparkling altar of Nemelex Xobeh.
  3918 | D:4      | Found an opulent altar of Gozag.
  3971 | D:5      | Entered Level 5 of the Dungeon
  4004 | D:5      | Found an ornate altar of the Wu Jian Council.
  4084 | D:5      | Noticed Grinder
  4091 | D:5      | Paralysed by Grinder for 3 turns
  4097 | D:5      | Killed Grinder
  4120 | D:5      | Noticed Edmund
  4136 | D:5      | Killed Edmund
  4136 | D:5      | Reached XP level 9. HP: 47/72 MP: 14/14
  5303 | D:6      | Reached skill level 8 in Shields
  5751 | D:6      | Reached skill level 5 in Invocations
  6027 | D:7      | Reached XP level 10. HP: 69/80 MP: 17/17
  6478 | D:7      | Found a burning altar of Makhleb.
  6478 | D:7      | Found a shadowy altar of Dithmenos.
  6478 | D:7      | Found a bloodstained altar of Trog.
  6671 | D:7      | Reached skill level 5 in Long Blades
  6671 | D:7      | Reached skill level 5 in Axes
  6671 | D:7      | Reached skill level 5 in Maces & Flails
  6671 | D:7      | Reached skill level 5 in Polearms
  6671 | D:7      | Reached skill level 5 in Staves
  6671 | D:7      | Reached skill level 5 in Slings
  6671 | D:7      | Reached skill level 5 in Bows
  6671 | D:7      | Reached skill level 5 in Crossbows
  6671 | D:7      | Reached skill level 5 in Throwing
  6671 | D:7      | Reached skill level 5 in Dodging
  6671 | D:7      | Reached skill level 5 in Stealth
  6671 | D:7      | Reached skill level 5 in Unarmed Combat
  6671 | D:7      | Reached skill level 5 in Spellcasting
  6671 | D:7      | Reached skill level 5 in Evocations
  6731 | D:8      | Found a hazy altar of Hepliaklqana.
  6731 | D:8      | Reached * piety under Ashenzari
  6883 | D:8      | Found a blossoming altar of Fedhas.
  6885 | D:8      | Noticed an oklob plant
  6885 | D:8      | Noticed an oklob plant
  7550 | D:8      | Found a staircase to the Lair.
  7632 | D:8      | Identified the cursed +0 short sword "Gatzemineo" {drain,
                  | rElec rC+++ Dex-4 SInv}
  8062 | D:10     | Entered Level 10 of the Dungeon
  8093 | D:10     | Noticed Fannar
  8107 | D:10     | Killed Fannar
  8107 | D:10     | Reached XP level 11. HP: 48/87 MP: 19/19
  8131 | D:10     | Noticed Harold
  8145 | D:10     | Noticed Erolcha
  8152 | D:10     | Killed Erolcha
  8444 | D:10     | Killed Harold
  8444 | D:10     | Reached skill level 9 in Shields
  8444 | D:10     | Reached skill level 5 in Conjurations
  8444 | D:10     | Reached skill level 5 in Hexes
  8444 | D:10     | Reached skill level 5 in Charms
  8444 | D:10     | Reached skill level 5 in Summonings
  8444 | D:10     | Reached skill level 5 in Necromancy
  8444 | D:10     | Reached skill level 5 in Translocations
  8444 | D:10     | Reached skill level 5 in Transmutations
  8444 | D:10     | Reached skill level 5 in Fire Magic
  8444 | D:10     | Reached skill level 5 in Ice Magic
  8444 | D:10     | Reached skill level 5 in Air Magic
  8444 | D:10     | Reached skill level 5 in Earth Magic
  8444 | D:10     | Reached skill level 5 in Poison Magic
  9006 | D:10     | Reached ** piety under Ashenzari
  9224 | D:9      | Noticed a cyclops
  9241 | D:9      | Killed a cyclops
  9294 | D:9      | Noticed a lindwurm
  9294 | D:9      | Noticed a lindwurm
  9295 | D:9      | Noticed a lindwurm
  9464 | D:10     | Noticed a two-headed ogre
  9476 | D:10     | Killed a two-headed ogre
  9503 | D:10     | Found Fecloala's Magic Scroll Shop.
  9525 | D:10     | Killed an unseen horror
  9537 | D:10     | Bought a scroll of remove curse for 48 gold pieces
  9537 | D:10     | Bought a scroll of remove curse for 48 gold pieces
  9537 | D:10     | Bought a scroll of remove curse for 48 gold pieces
  9537 | D:10     | Bought a scroll of remove curse for 48 gold pieces
  9537 | D:10     | Bought a scroll of remove curse for 48 gold pieces
  9537 | D:10     | Bought a scroll of remove curse for 48 gold pieces
  9537 | D:10     | Bought a scroll of teleportation for 48 gold pieces
  9537 | D:10     | Bought a scroll of fog for 32 gold pieces
  9537 | D:10     | Bought a scroll of enchant armour for 120 gold pieces
  9739 | D:11     | Found a staircase to the Orcish Mines.
 10040 | D:11     | Found Dosoen's Weapon Emporium.
 10140 | D:11     | Reached XP level 12. HP: 90/96 MP: 22/22
 10149 | D:11     | Found Ucakk's Book Shop.
 10516 | D:11     | Noticed a two-headed ogre
 10523 | D:11     | Killed a two-headed ogre
 10819 | D:11     | Reached *** piety under Ashenzari
 10998 | D:12     | Noticed a catoblepas
 11058 | D:12     | Killed a catoblepas
 11417 | D:12     | Noticed an eight-headed hydra
 11530 | Lair:1   | Entered Level 1 of the Lair of Beasts
 11699 | Lair:1   | Noticed Grum
 11714 | Lair:1   | Killed Grum
 12163 | Lair:1   | Noticed Nergalle
 12172 | Lair:1   | Cast into level 2 of the Abyss (Nergalle)
 12225 | Lair:1   | Escaped the Abyss
 12650 | Lair:1   | Killed Nergalle
 12806 | Lair:2   | Reached skill level 10 in Fighting
 12806 | Lair:2   | Reached skill level 10 in Armour
 12806 | Lair:2   | Reached skill level 10 in Shields
 12865 | Lair:2   | Identified the amulet of Gerphy {Faith rF+ Int+6}
 12954 | Lair:2   | Noticed a seven-headed hydra
 12969 | Lair:2   | Killed a seven-headed hydra
 13291 | Lair:2   | Reached XP level 13. HP: 91/103 MP: 24/24
 13549 | Lair:2   | Reached **** piety under Ashenzari
 13866 | Lair:3   | Found a staircase to the Snake Pit.
 15141 | Lair:4   | Found a frozen archway.
 15161 | IceCv    | Entered an ice cave
 16359 | IceCv    | Reached ***** piety under Ashenzari
 16403 | IceCv    | Noticed an ice dragon
 16403 | IceCv    | Noticed an ice dragon
 16433 | IceCv    | Killed an ice dragon
 16443 | IceCv    | Identified the amulet "Iboin" {Harm *Drain rElec Int+5
                  | Dex+2}
 16449 | IceCv    | Killed an ice dragon
 16451 | IceCv    | Identified the ring of Somnasyha {*Tele rN+ Str+3}
 17179 | Lair:4   | Found a staircase to the Shoals.
 17841 | Lair:5   | Reached XP level 14. HP: 91/111 MP: 26/26
 18030 | Lair:5   | Learned a level 2 spell: Blink
 18238 | Lair:5   | Learned a level 3 spell: Mephitic Cloud
 18384 | Lair:5   | Reached skill level 10 in Short Blades
 18645 | Lair:5   | Reached skill level 11 in Shields
 19282 | Lair:6   | Entered Level 6 of the Lair of Beasts
 19356 | Lair:6   | Found a staircase to the Slime Pits.
 19869 | Lair:6   | Reached skill level 10 in Invocations
 20140 | Lair:6   | Identified the +3 dagger of Wu Jian {pierce, rC+ Dex+3}
 21360 | Orc:1    | Entered Level 1 of the Orcish Mines
 21882 | D:12     | Found a runed translucent door.
 21934 | D:12     | Reached XP level 15. HP: 119/119 MP: 24/28
 21939 | D:12     | Found a portal to a secret trove of treasure.
 22259 | D:12     | Noticed Haosty Heugg's ghost (journeyman NaFi)
 22298 | D:13     | Noticed Kirke
 22356 | D:12     | Killed Kirke
 22379 | D:13     | Noticed Sonja
 22507 | D:13     | Identified Poasocy's Tome of Creation
 22578 | D:13     | Found a gate to the Vaults.
 22584 | D:13     | Noticed Nessos
 22608 | D:13     | Killed Nessos
 22926 | D:13     | Reached ****** piety under Ashenzari
 23005 | D:13     | Identified the +2 bardiche of the Traitor {freeze, +Fly rF-
                  | Dex+2}
 23131 | D:13     | HP: 6/120 [poisoned by a vault guard]
 23137 | D:13     | HP: 4/120 [poisoned by a vault guard]
 23143 | D:13     | HP: 3/120 [poisoned by a vault guard]
 23149 | D:13     | HP: 2/120 [poisoned by a vault guard]
 23156 | D:13     | HP: 2/120 [poisoned by a vault guard]
 23664 | D:13     | Killed Sonja
 23687 | D:13     | Reached skill level 10 in Long Blades
 23687 | D:13     | Reached skill level 10 in Axes
 23687 | D:13     | Reached skill level 10 in Maces & Flails
 23687 | D:13     | Reached skill level 10 in Polearms
 23687 | D:13     | Reached skill level 10 in Staves
 23687 | D:13     | Reached skill level 10 in Slings
 23687 | D:13     | Reached skill level 10 in Bows
 23687 | D:13     | Reached skill level 10 in Crossbows
 23687 | D:13     | Reached skill level 10 in Throwing
 23687 | D:13     | Reached skill level 10 in Dodging
 23687 | D:13     | Reached skill level 10 in Stealth
 23687 | D:13     | Reached skill level 10 in Unarmed Combat
 23687 | D:13     | Reached skill level 10 in Spellcasting
 23687 | D:13     | Reached skill level 10 in Evocations
 24173 | D:13     | Noticed Urug
 24181 | D:13     | Killed Urug
 24391 | D:14     | Found a shattered altar of Ashenzari.
 25216 | D:15     | Entered Level 15 of the Dungeon
 25463 | D:15     | Noticed Louise
 25471 | D:15     | Killed Louise
 25518 | D:15     | Identified the +12 dagger of Egeedac {elec, rC- rN+ Str+8}
 26022 | D:15     | Found a staircase to the Depths.
 26061 | D:15     | Reached skill level 12 in Shields
 26443 | Orc:1    | Reached XP level 16. HP: 112/127 MP: 26/30
 26510 | Orc:2    | Entered Level 2 of the Orcish Mines
 26934 | Orc:2    | Found Luogg's Book Emporium.
 27143 | Orc:2    | Paralysed by an orc sorcerer for 3 turns
 27401 | Orc:2    | Found a staircase to the Elven Halls.
 27426 | Orc:2    | Found Ucicko's Antique Armour Shop.
 27450 | Orc:2    | Found Ujoivuosh's Assorted Antiques.
 27487 | Orc:2    | Bought a scroll labeled PISSIL EHIJ for 34 gold pieces
 27706 | Orc:2    | Found Xemuin's Antique Weapon Shop.
 27723 | Orc:2    | Paralysed by an orc sorcerer for 2 turns
 27991 | Orc:2    | Found Fosmib's Food Emporium.
 28015 | Orc:2    | Found a roughly hewn altar of Beogh.
 28314 | Orc:2    | Bought a glowing robe for 103 gold pieces
 28315 | Orc:2    | Bought a runed robe for 103 gold pieces
 28316 | Orc:2    | Bought a runed helmet for 210 gold pieces
 28425 | D:11     | Bought a book of Transfigurations for 825 gold pieces
 28432 | D:11     | Learned a level 6 spell: Statue Form
 28644 | Shoals:1 | Entered Level 1 of the Shoals
 28842 | Shoals:1 | Identified the +7 war axe of Spontaneous Combustion {holy,
                  | rElec}
 30111 | Shoals:3 | Noticed Ilsuiw
 30113 | Shoals:3 | Found Weozicuv's General Store.
 30415 | Shoals:3 | Learned a level 6 spell: Deflect Missiles
 30497 | Shoals:3 | Learned a level 4 spell: Summon Lightning Spire
 30669 | Shoals:3 | Killed Ilsuiw
 30899 | Shoals:3 | Reached XP level 17. HP: 135/135 MP: 24/32
 31382 | Shoals:4 | Entered Level 4 of the Shoals
 31450 | Shoals:4 | Found a sparkling altar of Nemelex Xobeh.
 31968 | Shoals:4 | Learned a level 3 spell: Regeneration
 32143 | Shoals:4 | Reached skill level 13 in Shields
 32174 | Shoals:4 | Identified the +4 short sword "Guevuum" {freeze, Str+3}
 32251 | Shoals:4 | Got a barnacled rune of Zot
 32262 | Shoals:4 | Noticed a kraken
 32293 | Shoals:4 | Killed a kraken
 32543 | Shoals:4 | Noticed a kraken
 32558 | Shoals:4 | Killed a kraken
 32857 | Snake:1  | Entered Level 1 of the Snake Pit
 32876 | Snake:1  | Found Buepran's General Store.
 32884 | Snake:1  | Bought a scroll of teleportation for 54 gold pieces
 33059 | Snake:1  | Found Lyna's Jewellery Boutique.
 33206 | Snake:1  | Found Yriuczihol's Magic Scroll Shop.
 33214 | Snake:1  | Bought a scroll of remove curse for 54 gold pieces
 33214 | Snake:1  | Bought a scroll of fear for 63 gold pieces
 33214 | Snake:1  | Bought a scroll of teleportation for 54 gold pieces
 34033 | Snake:2  | Found Heitut's Magic Scroll Boutique.
 34052 | Snake:2  | Found Reydouchuu's Distillery.
 34099 | Snake:2  | Found Moatsoyl's Distillery.
 34180 | Snake:2  | Noticed Vashnia
 34237 | Snake:2  | Killed Vashnia
 34237 | Snake:2  | Reached skill level 10 in Conjurations
 34237 | Snake:2  | Reached skill level 10 in Hexes
 34237 | Snake:2  | Reached skill level 10 in Charms
 34237 | Snake:2  | Reached skill level 10 in Summonings
 34237 | Snake:2  | Reached skill level 10 in Necromancy
 34237 | Snake:2  | Reached skill level 10 in Translocations
 34237 | Snake:2  | Reached skill level 10 in Transmutations
 34237 | Snake:2  | Reached skill level 10 in Fire Magic
 34237 | Snake:2  | Reached skill level 10 in Ice Magic
 34237 | Snake:2  | Reached skill level 10 in Air Magic
 34237 | Snake:2  | Reached skill level 10 in Earth Magic
 34237 | Snake:2  | Reached skill level 10 in Poison Magic
 34316 | Snake:2  | Reached XP level 18. HP: 143/143 MP: 28/33
 34467 | Snake:2  | Bought a potion of curing for 48 gold pieces
 34467 | Snake:2  | Bought a potion of heal wounds for 80 gold pieces
 34467 | Snake:2  | Bought a potion of haste for 160 gold pieces
 34467 | Snake:2  | Bought a potion of heal wounds for 80 gold pieces
 34467 | Snake:2  | Bought a potion of heal wounds for 80 gold pieces
 34467 | Snake:2  | Bought a potion of might for 64 gold pieces
 34467 | Snake:2  | Bought a potion of curing for 48 gold pieces
 34467 | Snake:2  | Bought a potion of curing for 48 gold pieces
 34467 | Snake:2  | Bought a potion of curing for 48 gold pieces
 34467 | Snake:2  | Bought a potion of heal wounds for 80 gold pieces
 34472 | Snake:2  | Bought a potion of heal wounds for 75 gold pieces
 34472 | Snake:2  | Bought a potion of invisibility for 120 gold pieces
 34472 | Snake:2  | Bought a potion of heal wounds for 75 gold pieces
 34472 | Snake:2  | Bought a potion of haste for 150 gold pieces
 34474 | Snake:2  | Bought a scroll of fog for 38 gold pieces
 34474 | Snake:2  | Bought a scroll of teleportation for 57 gold pieces
 34474 | Snake:2  | Bought a scroll of teleportation for 57 gold pieces
 34474 | Snake:2  | Bought a scroll of magic mapping for 66 gold pieces
 34474 | Snake:2  | Bought a scroll of teleportation for 57 gold pieces
 34578 | Snake:2  | Found Piots's Book Shop.
 35405 | Snake:3  | Found Geddyjue's Antique Armour Boutique.
 35642 | Snake:3  | Identified a scroll of acquirement
 35692 | Snake:3  | Found Urraj's Weapon Shop.
 35693 | Snake:3  | Found Hiotroob's Distillery.
 35693 | Snake:3  | Found Xaho's Weapon Shop.
 35695 | Snake:3  | Found Gausoth's Gadget Shop.
 35719 | Snake:3  | Bought a potion of cancellation for 112 gold pieces
 35719 | Snake:3  | Bought a potion of cancellation for 112 gold pieces
 35719 | Snake:3  | Bought a potion of brilliance for 56 gold pieces
 35719 | Snake:3  | Bought a potion of might for 56 gold pieces
 35719 | Snake:3  | Bought a potion of agility for 56 gold pieces
 35834 | Snake:3  | Reached skill level 14 in Shields
 36171 | Snake:4  | Entered Level 4 of the Snake Pit
 36180 | Snake:4  | Upgraded the game from 0.25-a0-290-g4a1327ee3a to
                  | 0.25-a0-292-gaa31f046c4
 36525 | D:12     | You paid a toll of 18 potions of curing to enter a treasure
                  | trove
 36526 | Trove    | Entered a treasure trove
 36532 | Trove    | Identified the cursed +2 hunting sling "Noawius" {venom,
                  | rC+ Str+2}
 36532 | Trove    | Identified the +11 trident of the Shining Light {freeze,
                  | +Blink +Inv MR+ SInv}
 36832 | Snake:3  | Bought a runed helmet for 262 gold pieces
 37823 | Snake:4  | Reached XP level 19. HP: 151/151 MP: 35/35
 37929 | Snake:4  | Got a serpentine rune of Zot
 39080 | Snake:1  | Bought a scroll of enchant weapon for 135 gold pieces
 39080 | Snake:1  | Bought 3 scrolls of brand weapon for 1080 gold pieces
 39080 | Snake:1  | Bought a scroll of torment for 135 gold pieces
 39329 | Vaults:1 | Entered Level 1 of the Vaults
 39797 | Vaults:1 | Reached skill level 15 in Shields
 40122 | Vaults:1 | Identified Acuseav's Tome of Earthen Ice (You acquired it
                  | on level 1 of the Vaults)
 40131 | Vaults:1 | Learned a level 6 spell: Iron Shot
 40138 | Vaults:1 | Identified the +3 rapier "Mofue" {flame, Dex+4 Stlth+}
 41183 | Vaults:2 | Noticed an Ice Fiend
 41256 | Vaults:2 | Found a staircase to the Crypt.
 41256 | Vaults:2 | Found an ancient bone altar of Kikubaaqudgha.
 41257 | Vaults:2 | Found a basalt altar of Yredelemnul.
 41451 | Vaults:2 | Reached XP level 20. HP: 159/159 MP: 31/36
 42797 | Vaults:3 | Found Plog's Antique Weapon Shop.
 43041 | Vaults:3 | Reached skill level 16 in Shields
 43866 | Vaults:3 | Learned a level 7 spell: Dragon Form
 44764 | Vaults:4 | Noticed Sojobo
 44776 | Vaults:4 | Killed Sojobo
 44780 | Vaults:4 | Reached XP level 21. HP: 146/166 MP: 36/38
 46124 | Elf:1    | Entered Level 1 of the Elven Halls
 46129 | Elf:1    | Noticed Azrael
 46135 | Elf:1    | Killed Azrael
 46192 | Elf:1    | Noticed Roxanne
 46380 | Elf:1    | Cast into level 2 of the Abyss (a deep elf sorcerer)
 46393 | Elf:1    | Escaped the Abyss
 46450 | Elf:1    | Identified the Papyrus of Summoning
 46460 | Elf:1    | Learned a level 7 spell: Spellforged Servitor
 46754 | Elf:1    | Reached skill level 15 in Fighting
 46754 | Elf:1    | Reached skill level 15 in Armour
 46830 | Elf:1    | Noticed Jorgrun
 46843 | Elf:1    | Killed Jorgrun
 47206 | Elf:1    | Found Naatink's Assorted Antiques.
 47213 | Elf:1    | Bought a wand of acid (5) for 216 gold pieces
 47441 | Elf:1    | Reached skill level 17 in Shields
 47666 | Elf:2    | Reached skill level 15 in Invocations
 48076 | Snake:1  | Bought the ring of Uzoalar {MR+ SInv Stlth+} for 480 gold
                  | pieces
 48529 | Elf:2    | Found a runed translucent gate.
 48529 | Elf:2    | Found a runed translucent gate.
 48530 | Elf:2    | Found a runed translucent gate.
 49054 | Elf:3    | Entered Level 3 of the Elven Halls
 49165 | Elf:3    | Reached XP level 22. HP: 175/175 MP: 35/40
 49318 | Elf:3    | Found Suismye's Elven Fire.
 49767 | Elf:3    | Identified the cursed +1 trident "Raeplaor" {flame, rElec
                  | rN++ MR- SInv}
 49767 | Elf:3    | Identified the ring of Poalidas {Wiz rF+ Str+3 Int+2 Dex+3}
 50110 | Elf:3    | Identified the +7 double sword "Tuacenk" {slice, rC++ Dex-2
                  | SInv Stlth+}
 50148 | Elf:3    | Identified Sif Muna's Papyrus of Protection and
                  | Confrontation
 50150 | Elf:3    | Identified Sif Muna's Volume of Shifting Bewitchment
 50178 | Elf:3    | Identified the +8 shortbow of Modesty {flame, MR+ Stlth+}
 50202 | Elf:3    | Identified Kyifyx's Tome of the Traveller and Moulding
 50691 | Depths:1 | Entered Level 1 of the Depths
 50713 | Depths:1 | Found a gateway to Hell.
 50779 | Depths:1 | Found a gateway to a ziggurat.
 50847 | Depths:1 | Reached skill level 15 in Short Blades
 50892 | Depths:1 | Noticed a caustic shrike
 50958 | Depths:1 | Found Odeurof's Gadget Shop.
 50958 | Depths:1 | Found Wiepn's Jewellery Shoppe.
 50959 | Depths:1 | Found Ichyel's Jewellery Shoppe.
 50966 | Depths:1 | Bought a wand of acid (12) for 640 gold pieces
 50966 | Depths:1 | Bought a wand of clouds (5) for 540 gold pieces
 51179 | Depths:1 | Found a corrupted altar of Lugonu.
 51179 | Depths:1 | Found a one-way gate to the infinite horrors of the Abyss.
 51309 | Depths:1 | Found Evotin's Antique Weapon Emporium.
 51388 | Depths:1 | Found a one-way gate leading to the halls of Pandemonium.
 51675 | Depths:2 | Reached skill level 18 in Shields
 51927 | Depths:2 | Reached XP level 23. HP: 163/183 MP: 41/41
 52300 | Depths:2 | Noticed a caustic shrike
 52320 | Depths:2 | Killed a caustic shrike
 52952 | Depths:2 | Noticed a juggernaut
 52960 | Depths:2 | Killed a juggernaut
 53612 | Depths:3 | Identified the ring of Xom's Benevolence {rF+ MP+9 SInv}
 53664 | Depths:3 | Identified the +1 robe of Panentheism {rF+}
 53664 | Depths:3 | Identified the ring of Wiagiyji {rPois Int+5 Slay+6}
 53665 | Depths:3 | Identified the +9 scimitar of Woe {protect, rN+ MR+ Int+2}
 53666 | Depths:3 | Reached skill level 15 in Long Blades
 53666 | Depths:3 | Reached skill level 15 in Axes
 53666 | Depths:3 | Reached skill level 15 in Maces & Flails
 53666 | Depths:3 | Reached skill level 15 in Polearms
 53666 | Depths:3 | Reached skill level 15 in Staves
 53666 | Depths:3 | Reached skill level 15 in Slings
 53666 | Depths:3 | Reached skill level 15 in Bows
 53666 | Depths:3 | Reached skill level 15 in Crossbows
 53666 | Depths:3 | Reached skill level 15 in Throwing
 53666 | Depths:3 | Reached skill level 15 in Dodging
 53666 | Depths:3 | Reached skill level 15 in Stealth
 53666 | Depths:3 | Reached skill level 15 in Unarmed Combat
 53666 | Depths:3 | Reached skill level 15 in Spellcasting
 53666 | Depths:3 | Reached skill level 15 in Evocations
 53683 | Depths:3 | Identified the +8 quarterstaff of Masoprov {flame, +Fly
                  | Str-5 Dex+7}
 54670 | Depths:4 | Reached skill level 19 in Shields
 54693 | Depths:4 | Reached XP level 24. HP: 185/191 MP: 42/42
 54949 | Depths:4 | Noticed a juggernaut
 54968 | Depths:4 | Killed a juggernaut
 55021 | Depths:4 | Got the cursed cloak "Ymegyji" {rCorr Str+10 Dex-3 Stlth-}
 55027 | Depths:4 | Identified the cursed +0 cloak "Ymegyji" {rCorr Str+10
                  | Dex-3 Stlth-} (You found it on level 4 of the Depths)
 56061 | Depths:5 | Entered Level 5 of the Depths
 56211 | Depths:5 | Found a runed translucent door.
 56221 | Depths:5 | Found a shimmering altar of Xom.
 56222 | Depths:5 | Noticed Ywomigaa's ghost (master FoFi)
 56274 | Depths:5 | Identified the ring "Uchifipt" {-Tele rPois rC++ rN+}
 56394 | Depths:5 | Demolished by a white very ugly thing

Levels and vault maps discovered:
D:1:      dpeg_arrival_tiny_g, layout_basic, serial_park_tiny_pond,
          chequers_mini_garden
D:2:      lemuel_upstairs_altar, layout_basic, lemuel_doored_altar,
          due_unseen_surprise
D:3:      layout_basic, nicolae_qazlal_style_of_elements, gup_sewer_entry_glass,
          first_ration
D:4:      layout_basic, grunt_temple_overflow_opulence, led_sif_pool,
          zin_treasury, minmay_temple_entry_proselytizer,
          nicolae_ossuary_entry_monument
D:5:      layout_rooms, lemuel_round_altar, uniq_grinder, uniq_edmund
D:6:      layout_basic, kennysheep_generic_room_12
D:7:      layout_basic, gammafunk_temple_overflow_claw, dk_noncrumbling_4
D:8:      layout_loops_corners, overflow_temple_1_default,
          minmay_lair_entry_grove, hangedman_tree_tricks, grunt_ogre_cave,
          minmay_misc_feat_x
D:9:      layout_basic, minmay_lindwurm_lava
D:10:     layout_stronghold, serial_shops, nicolae_shop_waterfront, uniq_harold,
          uniq_fannar, uniq_erolcha
D:11:     layout_roguey, orc_david_3, serial_shops, shop
D:12:     layout_roguey, ebering_ghost_reflecting_pool, enter_trove_5,
          minmay_misc_feat_nine_boxes
D:13:     layout_rooms, erik_vaults_2, minmay_hollow_rounded_squares,
          uniq_sonja, uniq_urug, uniq_kirke, uniq_nessos
D:14:     layout_long_grid, nicolae_ashenzari_panopticon
D:15:     grunt_enter_depths_magical_seal, layout_long_grid, uniq_louise
Temple:   minmay_temple_curvy_loop
Lair:1:   layout_layer_cave, minivault_23, grunt_megastairs_2, uniq_nergalle,
          uniq_grum
Lair:2:   layout_big_grid, st_stairs_9
Lair:3:   layout_small_grid, minmay_snake_entry_guardpost_small,
          lemuel_fruit_tree, grunt_megastairs_1
Lair:4:   layout_long_grid, minmay_shoals_entry_centaurs,
          portal_ice_cave_demonic_guard
Lair:5:   regret_index_tunnel_blossom, layout_cave_pods
Lair:6:   gammafunk_lair_ancient_temple, layout_regular_city,
          nicolae_slime_entry_slimehenge, patterned_corridor
Shoals:1: layout_shoals
Shoals:2: layout_shoals
Shoals:3: layout_shoals, serial_shops, nicolae_shop_trees,
          hangedman_shoals_cup_caves, uniq_ilsuiw
Shoals:4: shoals_end_grunt_garden, layout_shoals, shoals_ilsuiw_alternative,
          lemuel_altar_in_water
Snake:1:  layout_basic, serial_shops, shop, nicolae_shop_trees, shop,
          nrook_loot_triangle
Snake:2:  layout_onion, serial_shops, shop, st_stairs_7, grunt_megastairs_4,
          minmay_shop_star, serial_bayou_shore_b, uniq_vashnia
Snake:3:  nrook_guardian_serpent_snake_passage, layout_misc_corridors,
          serial_shops, shop, minmay_shop_grid_forest
Snake:4:  snake_pit, layout_cave_town
Orc:1:    layout_diamond_mine
Orc:2:    st_orc_town, layout_diamond_mine, serial_shops, shop
Elf:1:    layout_loops_corners, serial_shops, shop, minmay_elf_demonology,
          library_closet, uniq_azrael, uniq_jorgrun, uniq_roxanne
Elf:2:    layout_onion_city
Elf:3:    elf_hall, layout_loops_cross, guppyfry_elf_lava
Vaults:1: ontoclasm_vaults_gateway, v_alt_pattern_4,
          nicolae_vaults_sealed_display, v_misc_24,
          nicolae_vaults_stairing_the_circle, v_pattern_1,
          nicolae_vaults_network_star, v_misc_22, vaults_room_door_ring,
          layout_vaults_omnigrid
Vaults:2: minmay_crypt_entry_necro_gods, nicolae_vaults_arrows,
          nicolae_vaults_holding_cells, v_misc_9, vaults_mumra_minichess,
          vaults_room_stairs_pillars, vaults_room_grid,
          hangedman_vaults_variations, nicolae_vaults_ring_of_whatevers,
          v_rooms_1, layout_vaults_maze_snakey
Vaults:3: v_rooms_5, nicolae_vaults_network_square, hangedman_vaults_cutoff,
          vaults_mumra_hexcomb, v_misc_1, v_misc_5, st_smaller_cells,
          layout_vaults_big_room, serial_shops, nicolae_shop_overgrown_old_shop
Vaults:4: ontoclasm_vaults_loading_screen, nicolae_vaults_hallways_thing,
          v_alt_pattern_4, hangedman_vaults_hard_town_square,
          nicolae_vaults_little_ls, vaults_dpeg_ring,
          nicolae_vaults_little_squares_5, vaults_room_fours,
          nicolae_vaults_rhombus_5, ontoclasm_vaults_bender, v_misc_30,
          layout_vaults_big_cross, uniq_sojobo
Depths:1: layout_gridlike, enter_ziggurat_c, abyss_entry_flame_altar, pan_entry,
          serial_shops, shop, minmay_misc_feat_rows, pf_coc_iceberg,
          lightli_corner_chamber, grunt_megastairs_5, minmay_shop_grove
Depths:2: kennysheep_snake, layout_basic, hell_entry, minmay_misc_feat_columns,
          rand_demon_pan_entry_3, infiniplex_staircase_pool_2
Depths:3: minmay_the_grid_triangle_9x9_rhombus_thin
          [minmay_the_grid_triangle_9x9_minimal,
          minmay_the_grid_triangle_9x9_prize_center,
          minmay_the_grid_triangle_9x9_longest,
          minmay_the_grid_triangle_9x9_windchime], layout_gridlike,
          grunt_pan_entry_spiral, abyss_entry, skrybe_limestone_x, hell_entry,
          minmay_misc_feat_rugged, infiniplex_staircase_pool_lava
Depths:4: minmay_tile_spiral, layout_gridville, grunt_hell_entry_dis_old,
          abyss_entry, minmay_staircase_windowed_small, serial_bayou_shore_a
Depths:5: evilmike_zot_entry_basic, layout_long_grid, ebering_ghost_xom,
          hangedman_decor_riveting, hell_entry, grunt_decor_cap,
          kennysheep_random_hallway

Skill      XL: |  1  2  3  4  5  6  7  8  9 10 11 12 13 14 15 16 17 18 19 20 21 22 23 24 |
---------------+-------------------------------------------------------------------------+-----
Invocations    | 1 2 3 4 5 6 7 8 9 10 11 12 13 14 15 16 | 16.9
Long Blades    | 1 2 3 4 5 6 7 8 9 10 11 12 13 14 15 | 15.7
Axes           | 1 2 3 4 5 6 7 8 9 10 11 12 13 14 15 | 15.7
Maces & Flails | 1 2 3 4 5 6 7 8 9 10 11 12 13 14 15 | 15.7
Polearms       | 1 2 3 4 5 6 7 8 9 10 11 12 13 14 15 | 15.7
Staves         | 1 2 3 4 5 6 7 8 9 10 11 12 13 14 15 | 15.7
Slings         | 1 2 3 4 5 6 7 8 9 10 11 12 13 14 15 | 15.7
Bows           | 1 2 3 4 5 6 7 8 9 10 11 12 13 14 15 | 15.7
Crossbows      | 1 2 3 4 5 6 7 8 9 10 11 12 13 14 15 | 15.7
Throwing       | 1 2 3 4 5 6 7 8 9 10 11 12 13 14 15 | 15.7
Dodging        | 1 2 3 4 5 6 7 8 9 10 11 12 13 14 15 | 15.7
Stealth        | 1 2 3 4 5 6 7 8 9 10 11 12 13 14 15 | 15.7
Unarmed Combat | 1 2 3 4 5 6 7 8 9 10 11 12 13 14 15 | 15.7
Spellcasting   | 1 2 3 4 5 6 7 8 9 10 11 12 13 14 15 | 15.7
Evocations     | 1 2 3 4 5 6 7 8 9 10 11 12 13 14 15 | 15.7
Conjurations   | 1 2 3 4 5 6 7 8 9 10 11 12 13 | 13.5
Hexes          | 1 2 3 4 5 6 7 8 9 10 11 12 13 | 13.5
Charms         | 1 2 3 4 5 6 7 8 9 10 11 12 13 | 13.5
Summonings     | 1 2 3 4 5 6 7 8 9 10 11 12 13 | 13.5
Necromancy     | 1 2 3 4 5 6 7 8 9 10 11 12 13 | 13.5
Translocations | 1 2 3 4 5 6 7 8 9 10 11 12 13 | 13.5
Transmutations | 1 2 3 4 5 6 7 8 9 10 11 12 13 | 13.5
Fire Magic     | 1 2 3 4 5 6 7 8 9 10 11 12 13 | 13.5
Ice Magic      | 1 2 3 4 5 6 7 8 9 10 11 12 13 | 13.5
Air Magic      | 1 2 3 4 5 6 7 8 9 10 11 12 13 | 13.5
Earth Magic    | 1 2 3 4 5 6 7 8 9 10 11 12 13 | 13.5
Poison Magic   | 1 2 3 4 5 6 7 8 9 10 11 12 13 | 13.5
Short Blades   | 5 6 7 8 9 10 11 12 13 14 15 16 | 16.2
Fighting       | 7 8 9 10 11 12 13 14 15 16 | 16.7
Armour         | 7 8 9 10 11 12 13 14 15 16 | 16.7
Shields        | 7 8 9 10 11 12 13 14 15 16 17 18 19 | 19.6

Action                   |  1- 3 |  4- 6 |  7- 9 | 10-12 | 13-15 | 16-18 | 19-21 | 22-24 || total
-------------------------+-------+-------+-------+-------+-------+-------+-------+-------++-------
Melee: Rapier            |    51 |       |       |    47 |  1684 |  2058 |   111 |       ||  3951
       Bite              |     7 |     6 |    69 |   161 |   308 |   326 |   175 |   154 ||  1206
       Short sword       |    56 |   101 |   543 |   868 |       |       |       |       ||  1568
       Eveningstar       |       |       |       |       |       |       |  1218 |  1134 ||  2352
       Unarmed           |       |       |       |       |       |       |    23 |       ||    23
       Tailslap          |       |       |       |       |       |       |     3 |       ||     3
       Punch             |       |       |       |       |       |       |     2 |       ||     2
Throw: Dart              |       |       |     2 |     2 |       |       |       |       ||     4
       Javelin           |       |       |       |     9 |       |       |       |       ||     9
       Throwing net      |       |       |       |     2 |       |       |       |       ||     2
 Cast: Mephitic Cloud    |       |       |       |       |    51 |    30 |       |       ||    81
       Statue Form       |       |       |       |       |       |    67 |    80 |    56 ||   203
       Summon Lightning  |       |       |       |       |       |    15 |    17 |     4 ||    36
       Deflect Missiles  |       |       |       |       |       |    10 |     8 |     7 ||    25
       Blink             |       |       |       |       |       |     5 |     5 |       ||    10
       Regeneration      |       |       |       |       |       |     5 |     5 |    11 ||    21
       Dragon Form       |       |       |       |       |       |       |     2 |       ||     2
       Spellforged Servi |       |       |       |       |       |       |     2 |    11 ||    13
       Iron Shot         |       |       |       |       |       |       |       |     9 ||     9
Invok: Curse Item        |       |       |     2 |     2 |       |     2 |     1 |     4 ||    11
Evoke: Wand              |       |       |       |     3 |     6 |     8 |     3 |    12 ||    32
       Lamp of fire      |       |       |       |       |       |     1 |       |       ||     1
  Use: Potion            |       |     1 |     2 |     3 |     3 |     4 |     2 |     2 ||    17
       Scroll            |       |       |    21 |     5 |     5 |     7 |    14 |     6 ||    58
 Stab: Sleeping          |       |       |       |     1 |     1 |    15 |    25 |    15 ||    57
       Distracted        |       |       |       |     1 |       |     4 |     9 |     5 ||    19
       Held in net/web   |       |       |       |     1 |       |       |       |       ||     1
       Petrified         |       |       |       |     1 |       |       |       |       ||     1
       Invisible         |       |       |       |       |     4 |       |     5 |       ||     9
       Confused          |       |       |       |       |    59 |    37 |       |       ||    96
  Eat: Chunk             |     1 |     3 |    13 |    36 |    25 |    51 |    50 |    27 ||   206
       Ration            |       |       |       |       |     3 |     5 |     4 |     5 ||    17
Armor: Scale mail        |    33 |    43 |   115 |    53 |       |       |       |       ||   244
       Chain mail        |       |       |       |   155 |   326 |    44 |       |       ||   525
       Skin              |       |       |       |       |       |   415 |   445 |   429 ||  1289
       Robe              |       |       |       |       |       |     3 |     1 |     5 ||     9
Dodge: Dodged            |    28 |    48 |   127 |   249 |   582 |  1433 |  1173 |   904 ||  4544
       Deflected         |       |       |       |       |       |    88 |    94 |    85 ||   267
Block: Shield            |    72 |    62 |   232 |   434 |   806 |  1776 |  1311 |  1155 ||  5848

Table legend:
 A = Non-vault XP
 B = Vault XP
 C = Vault XP percentage of total XP
 D = Non-vault monster count
 E = Vault monster count
 F = Vault count percentage of total count
                 A         B        C        D         E       F
            +---------+---------+-------+---------+---------+-------
      Total |  546407 |  398741 |  42.2 |    1212 |     723 |  37.4
            +---------+---------+-------+---------+---------+-------
        D:1 |      52 |       0 |   0.0 |      28 |       0 |   0.0
        D:2 |      81 |       0 |   0.0 |      15 |       0 |   0.0
        D:3 |     130 |      42 |  24.4 |      28 |       4 |  12.5
        D:4 |     176 |      43 |  19.6 |       6 |       1 |  14.3
        D:5 |     820 |     433 |  34.6 |      30 |       2 |   6.2
        D:6 |    1358 |       0 |   0.0 |      22 |       0 |   0.0
        D:7 |    1384 |     209 |  13.1 |      27 |       1 |   3.6
        D:8 |     773 |    1821 |  70.2 |      16 |      12 |  42.9
        D:9 |    2745 |       0 |   0.0 |      20 |       0 |   0.0
       D:10 |    3333 |    3118 |  48.3 |      27 |       7 |  20.6
       D:11 |    4841 |     260 |   5.1 |      28 |       3 |   9.7
       D:12 |    8439 |    3211 |  27.6 |      39 |       2 |   4.9
       D:13 |    4906 |   12945 |  72.5 |      22 |      22 |  50.0
       D:14 |    5929 |       0 |   0.0 |      13 |       0 |   0.0
       D:15 |    6520 |    5860 |  47.3 |      24 |      10 |  29.4
     Lair:1 |     864 |    3039 |  77.9 |       5 |      13 |  72.2
     Lair:2 |    4247 |     621 |  12.8 |      17 |       2 |  10.5
     Lair:3 |    3974 |     570 |  12.5 |      16 |       4 |  20.0
     Lair:4 |    6420 |    1244 |  16.2 |      21 |       8 |  27.6
     Lair:5 |    6946 |    8563 |  55.2 |      18 |      51 |  73.9
     Lair:6 |    8827 |    7417 |  45.7 |      21 |      26 |  55.3
   Shoals:1 |   11743 |       0 |   0.0 |      20 |       0 |   0.0
   Shoals:2 |   16107 |       0 |   0.0 |      32 |       0 |   0.0
   Shoals:3 |   11676 |    8746 |  42.8 |      26 |      16 |  38.1
   Shoals:4 |   12731 |   17481 |  57.9 |      20 |      28 |  58.3
    Snake:1 |    3181 |       0 |   0.0 |       8 |       0 |   0.0
    Snake:2 |   22043 |   10484 |  32.2 |      47 |      14 |  23.0
    Snake:3 |   15495 |     912 |   5.6 |      30 |       2 |   6.2
    Snake:4 |   22901 |   32220 |  58.5 |      44 |      43 |  49.4
      Orc:1 |    4009 |       0 |   0.0 |      22 |       0 |   0.0
      Orc:2 |    1841 |    6646 |  78.3 |      30 |      64 |  68.1
      Elf:1 |   24478 |   10144 |  29.3 |      40 |      13 |  24.5
      Elf:2 |   20075 |   19626 |  49.4 |      36 |      25 |  41.0
      Elf:3 |   13056 |   42174 |  76.4 |      25 |      40 |  61.5
   Vaults:1 |   25280 |   14781 |  36.9 |      36 |      22 |  37.9
   Vaults:2 |   26871 |   24421 |  47.6 |      43 |      51 |  54.3
   Vaults:3 |   34178 |   17950 |  34.4 |      66 |      37 |  35.9
   Vaults:4 |   24816 |   22471 |  47.5 |      36 |      18 |  33.3
   Depths:1 |   21567 |    8185 |  27.5 |      38 |      14 |  26.9
   Depths:2 |   32574 |   42160 |  56.4 |      36 |      39 |  52.0
   Depths:3 |   44427 |   20835 |  31.9 |      47 |      26 |  35.6
   Depths:4 |   51096 |   43536 |  46.0 |      54 |      24 |  30.8
   Depths:5 |   33497 |       0 |   0.0 |      33 |       0 |   0.0
      Sewer |       0 |     754 | 100.0 |       0 |      24 | 100.0
    Ossuary |       0 |     300 | 100.0 |       0 |      35 | 100.0
      IceCv |       0 |    5519 | 100.0 |       0 |      20 | 100.0
            +---------+---------+-------+---------+---------+-------
